 Dungeon Crawl Stone Soup version 0.29.1-2-gbd0b4ee654 (webtiles) character file.

Game seed: 13732441574121919697

16937 Earthwalker the Protected (level 12, -37/113 HPs)
             Began as a Minotaur Fighter on Oct 23, 2022.
             Was a High Priest of Okawaru.
             Annihilated by a very large slime creature (55 damage)
             ... on level 12 of the Dungeon.
             The game lasted 00:29:18 (10320 turns).

Earthwalker the Protected (Minotaur Fighter)       Turns: 10320, Time: 00:29:18

Health: -37/113    AC: 15    Str: 30      XL:     12   Next: 14%
Magic:  3/3        EV: 25    Int:  5      God:    Okawaru [*****.]
Gold:   1107       SH:  6    Dex:  8 (9)  Spells: 11/11 levels left

rFire   x . .      SeeInvis +   z - +1 war axe (antimagic)
rCold   + . .      Faith    .   c - +0 buckler
rNeg    . . .      Spirit   .   t - +6 scale mail "Olenwy Gaca" {Regen+ Str+3 Stlth+}
rPois   .          Reflect  .   (helmet restricted)
rElec   .          Harm     .   (no cloak)
rCorr   .          Rampage  .   (no gloves)
Will    .....                   (no boots)
Stlth   +.........              F - amulet of the acrobat
HPRegen 1.08/turn               h - ring of ice
MPRegen 0.08/turn               B - ring of see invisible

@: acrobatic
A: horns 2, retaliatory headbutt
a: Renounce Religion, Heroism, Finesse, Duel


You were on level 12 of the Dungeon.
You worshipped Okawaru.
Okawaru was extremely pleased with you.
You visited 2 branches of the dungeon, and saw 13 of its levels.

You collected 1107 gold pieces.

Inventory:

Hand Weapons
 a - a +0 war axe
 z - a +1 antimagic war axe (weapon)
Missiles
 e - 37 poisoned darts (quivered)
 p - 5 boomerangs
 u - a throwing net
 G - 7 curare-tipped darts
 I - 3 datura-tipped darts
Armour
 b - a +0 scale mail
 c - a +0 buckler (worn)
 t - the +6 scale mail "Olenwy Gaca" (worn) {Regen+ Str+3 Stlth+}
   (You found it on level 4 of the Dungeon)

   Str:       It affects your strength (+3).
   Regen:     It increases your rate of health regeneration.
   Stlth:     It makes you more stealthy.
 P - a +0 plate armour
 Q - the +1 kite shield of Okawaru's Inspiration {Drain rElec rN++ Int+2}
   (Okawaru gifted it to you on level 9 of the Dungeon)

   Int:       It affects your intelligence (+2).
   rElec:     It insulates you from electricity.
   rN:        It greatly protects you from negative energy.
   Drain:     It drains your maximum health when unequipped.
 T - the +5 plate armour of Qiribropt {rElec rCorr}
   (Okawaru gifted it to you on level 11 of the Dungeon)

   rElec:     It insulates you from electricity.
   rCorr:     It protects you from acid and corrosion.
Jewellery
 h - a ring of ice (left hand)
 j - a ring of wizardry
 n - a ring of positive energy
 A - a ring of willpower
 B - a ring of see invisible (right hand)
 F - an amulet of the acrobat (around neck)
 H - a ring of positive energy
 M - a ring of protection from fire
Wands
 s - a wand of quicksilver (6)
 w - a wand of roots (16)
 D - a wand of flame (11)
 N - a wand of polymorph (8)
 U - a wand of paralysis (3)
Scrolls
 i - 13 scrolls of identify {unknown}
 m - 7 scrolls of teleportation {unknown}
 o - 3 scrolls of enchant weapon {unknown}
 r - 3 scrolls of magic mapping {unknown}
 y - 3 scrolls of blinking {unknown}
 E - a scroll of poison {unknown}
 J - 5 scrolls of enchant armour {unknown}
 K - 2 scrolls of fear {unknown}
 O - a scroll of summoning {unknown}
 R - a scroll of butterflies {unknown}
Potions
 d - a potion of might
 f - 2 potions of attraction {unknown}
 g - 2 potions of cancellation {unknown}
 k - 4 potions of curing {unknown}
 l - a potion of lignification {unknown}
 q - a potion of degeneration {unknown}
 v - 3 potions of mutation {unknown}
 x - 2 potions of heal wounds
 C - 3 potions of brilliance {unknown}
 L - a potion of haste {unknown}
 S - a potion of flight {unknown}


   Skills:
 * Level 12.4 Fighting
 * Level 12.2 Axes
 + Level 0.8 Throwing
 * Level 12.4 Armour
 * Level 1.3 Dodging
 * Level 12.4 Shields
 + Level 0.7 Invocations
 + Level 0.4 Evocations


You had 11 spell levels left.
You didn't know any spells.
Your spell library contained the following spells:

 Spells                   Type           Power      Damage    Failure   Level
 Necrotise                Necr           0%         1d4       73%         1
 Sandblast                Erth           0%         2d4       73%         1
 Passwall                 Tmut/Erth      0%         N/A       86%         2
 Sublimation of Blood     Necr           0%         N/A       86%         2
 Ozocubu's Armour         Ice            0%         N/A       97%         3
 Stone Arrow              Conj/Erth      0%         3d7       97%         3
 Vampiric Draining        Necr           0%         2d6       97%         3
 Petrify                  Tmut/Erth      0%         N/A       100%        4
 Irradiate                Conj/Tmut      0%         3d11      100%        5
 Metabolic Englaciation   Hex/Ice        0%         N/A       100%        5
 Orb of Destruction       Conj           0%         9d5       100%        7
 Summon Guardian Golem    Hex/Summ       Unusable   N/A       N/A         3
 Animate Dead             Necr           Unusable   N/A       N/A         4
 Simulacrum               Ice/Necr       Unusable   N/A       N/A         6
 Spellforged Servitor     Conj/Summ      Unusable   N/A       N/A         7

Dungeon Overview and Level Annotations

Branches:
Dungeon (12/15)            Temple (1/1) D:5            Lair (0/5) D:9
    Orc (0/2) D:10

Altars:
Ashenzari
Cheibriados
Dithmenos
Elyvilon
Fedhas
Gozag
Hepliaklqana
Kikubaaqudgha
Makhleb
Nemelex Xobeh
Okawaru
Qazlal
Ru
Sif Muna
Trog
Uskayaw
Vehumet
Wu Jian
Xom
Yredelemnul
Zin
The Shining One

Shops:
D:7 !

Annotations:
D:9 3 runed translucent doors, glosham's ghost, novice KoSu


Innate Abilities, Weirdness & Mutations

You have a pair of horns on your head.
You reflexively headbutt those who attack you in melee.


Message History

The slime creature is lightly wounded.
Two slime creatures merge to form a large slime creature.
The slime creature hits you!
A slime creature comes into view.
The slime creature quivers.
You slash the slime creature!
The slime creature is moderately wounded.
You block the slime creature's attack.
You barely miss the slime creature. You headbutt the slime creature!
The slime creature is heavily wounded.
Two slime creatures merge to form a large slime creature.
Two slime creatures merge to form a very large slime creature.
You slash the large slime creature!
Your headbutt misses the large slime creature.
The large slime creature is moderately wounded.
You slice the large slime creature!!
The large slime creature is heavily wounded.
You hear a shout! x2
Two slime creatures merge to form a very large slime creature.
You slice the very large slime creature!!
The very large slime creature is heavily wounded.
You hear a shout!
You slice the very large slime creature!!
Your headbutt misses the very large slime creature.
The very large slime creature is heavily wounded.
You hear a shout!
The very large slime creature hits you!!!
The very large slime creature attacks as you move away!
The very large slime creature hits you!!!
* * * LOW HITPOINT WARNING * * *
You see here a +0 robe.
You slice the very large slime creature!!
Your headbutt misses the very large slime creature.
The very large slime creature is severely wounded.
The very large slime creature hits you.
* * * LOW HITPOINT WARNING * * *
A human comes into view. It is wielding a +0 long sword.
The very large slime creature attacks as you move away!
The very large slime creature hits you!!!
You die...

#.. ..# #.# #.# #.#
#.# ### #.# ##.# ..#
#.# .p# ..#########.#
#J# ............# #.#
..########..######[###
..# ##.....@J...+ ..#
############ ..# ### #
# +###


You could see a very large slime creature.

Vanquished Creatures
  A boulder beetle (D:11)
  Erica (D:9)
  4 two-headed ogres
  Pikel (D:6)
  A cyclops (D:11)
  Maurice (D:9)
  A gargoyle (D:10)
  5 kobold demonologists
  A komodo dragon (D:11)
  2 trolls
  3 slime creatures (D:12)
  A hornet (D:9)
  A shadow (D:10)
  Sigmund (D:4)
  3 wyverns
  2 wraiths (D:11)
  A steam dragon (D:7)
  16 yaks
  Menkaure (D:4)
  2 acid dragons
  4 water moccasins
  6 black bears
  4 orc warriors
  3 ogres (D:5)
  5 centaurs
  2 lemures (D:6)
  3 phantoms
  11 kobold brigands
  2 bullfrogs (D:8)
  3 gnoll sergeants
  A scorpion (D:9)
  6 wights
  13 killer bees
  8 howler monkeys
  4 hounds
  2 jellies (D:5)
  5 orc priests
  An iguana (D:5)
  11 orc wizards
  14 gnolls
  9 adders
  A shadow imp (D:7)
  2 white imps (D:6)
  A worm (D:2)
  2 dart slugs
  31 orcs
  5 ball pythons
  5 endoplasms
  4 giant cockroaches
  2 hobgoblins
  3 jackals (D:5)
  2 quokkas
  5 bats
  4 frilled lizards
  8 goblins
  23 kobolds
  4 rats
268 creatures vanquished.

Vanquished Creatures (others)
  18 fungi (D:9)
  14 plants (D:9)
32 creatures vanquished.

Grand Total: 300 creatures vanquished

Notes
Turn   | Place    | Note
-------+----------+-------------------------------------------
     0 | D:1      | Earthwalker the Minotaur Fighter began the quest for the
                  | Orb.
     0 | D:1      | Reached XP level 1. HP: 19/19 MP: 0/0
   251 | D:1      | Reached XP level 2. HP: 27/27 MP: 1/1
   559 | D:1      | Found a faded altar of an unknown god.
   997 | D:2      | Got Hoekk's Teachings on Black Deeds
  1137 | D:2      | Reached XP level 3. HP: 33/33 MP: 2/2
  1629 | D:3      | Reached XP level 4. HP: 41/41 MP: 3/3
  2220 | D:3      | Found a broken altar of Ashenzari.
  2651 | D:4      | Identified the +6 scale mail "Olenwy Gaca" {Regen+ Str+3
                  | Stlth+}
  2710 | D:4      | Reached XP level 5. HP: 47/47 MP: 4/4
  2775 | D:4      | Noticed Sigmund
  2785 | D:4      | Killed Sigmund
  2786 | D:4      | Reached skill level 5 in Fighting
  2786 | D:4      | Reached skill level 5 in Armour
  2786 | D:4      | Reached skill level 5 in Shields
  2786 | D:4      | Reached XP level 6. HP: 53/56 MP: 5/5
  3016 | D:4      | Identified the +1 leather armour of Biysit {rElec SInv}
  3054 | D:4      | Noticed Menkaure
  3067 | D:4      | Killed Menkaure
  3068 | D:4      | Reached skill level 5 in Axes
  3210 | D:5      | Entered Level 5 of the Dungeon
  3218 | D:5      | Reached XP level 7. HP: 54/62 MP: 6/6
  3235 | D:5      | Found a staircase to the Ecumenical Temple.
  3245 | Temple   | Entered the Ecumenical Temple
  3439 | D:5      | Found an ornate altar of the Wu Jian Council.
  3440 | D:5      | Found an iron altar of Okawaru.
  3442 | D:5      | Found an opulent altar of Gozag.
  3443 | D:5      | Found a glowing golden altar of the Shining One.
  3472 | D:5      | Became a worshipper of Warmaster Okawaru
  3943 | D:5      | Reached XP level 8. HP: 33/71 MP: 2/7
  4177 | D:6      | Reached * piety under Okawaru
  4349 | D:6      | Noticed Pikel
  4371 | D:6      | Killed Pikel
  4371 | D:6      | Reached ** piety under Okawaru
  5038 | D:6      | Reached XP level 9. HP: 72/81 MP: 2/8
  5389 | D:7      | Found Buseohay's Distillery.
  5406 | D:7      | Reached *** piety under Okawaru
  6141 | D:8      | Reached **** piety under Okawaru
  6308 | D:8      | Reached XP level 10. HP: 83/91 MP: 3/9
  6809 | D:9      | Found a hide-covered altar of Uskayaw.
  6852 | D:10     | Entered Level 10 of the Dungeon
  6853 | D:10     | Reached ***** piety under Okawaru
  6995 | D:9      | Reached skill level 10 in Fighting
  6996 | D:9      | Reached skill level 10 in Armour
  7000 | D:9      | Identified the +1 kite shield of Okawaru's Inspiration
                  | {Drain rElec rN++ Int+2} (Okawaru gifted it to you on level
                  | 9 of the Dungeon)
  7000 | D:9      | Received a gift from Okawaru
  7009 | D:9      | Reached skill level 10 in Shields
  7194 | D:9      | Found a staircase to the Lair.
  7218 | D:9      | Reached skill level 10 in Axes
  7357 | D:9      | Found a runed translucent gate.
  7357 | D:9      | Found a runed translucent gate.
  7359 | D:9      | Found a runed translucent gate.
  7359 | D:9      | Found an opulent altar of Gozag.
  7361 | D:9      | Noticed glosham's ghost (novice KoSu)
  7427 | D:10     | Noticed Erica
  7455 | D:9      | HP: 4/94 [Erica/+1 scimitar of flaming (3)]
  7459 | D:9      | Killed Erica
  7534 | D:10     | Noticed Maurice
  7560 | D:9      | Killed Maurice
  7701 | D:10     | Noticed a gargoyle
  7710 | D:10     | Killed a gargoyle
  7889 | D:11     | Reached XP level 11. HP: 101/101 MP: 3/10
  7943 | D:10     | Found a staircase to the Orcish Mines.
  8211 | D:10     | Noticed a two-headed ogre
  8264 | D:10     | Killed a two-headed ogre
  8355 | D:10     | Found a glowing silver altar of Zin.
  8507 | D:10     | Noticed a two-headed ogre
  8517 | D:10     | Killed a two-headed ogre
  9017 | D:11     | Identified the +5 plate armour of Qiribropt {rElec rCorr}
                  | (Okawaru gifted it to you on level 11 of the Dungeon)
  9017 | D:11     | Received a gift from Okawaru
  9065 | D:11     | Noticed a two-headed ogre
  9076 | D:11     | Killed a two-headed ogre
  9342 | D:11     | Noticed a boulder beetle
  9409 | D:11     | Noticed a two-headed ogre
  9420 | D:11     | Killed a two-headed ogre
  9427 | D:11     | Killed a boulder beetle
  9683 | D:11     | Reached XP level 12. HP: 112/112 MP: 3/11
 10061 | D:12     | Reached skill level 1 in Dodging
 10320 | D:12     | Annihilated by a very large slime creature

Illustrated notes

Levels and vault maps discovered:
D:1:      scummos_arrival_simple_fountains, layout_loops_corners,
          chequers_ecumenical_altar_twisty
D:2:      minmay_chambers_of_twos, layout_loops_ring
D:3:      layout_basic, marbit_many_paths
D:4:      layout_gridville, uniq_menkaure, uniq_sigmund
D:5:      layout_gridville, chequers_temple_overflow_statue_of_worship,
          temple_pool_b
D:6:      layout_basic, uniq_pikel
D:7:      layout_rooms, serial_shops, nicolae_square_shop,
          chequers_hall_statues_corner_a, grunt_ministairs_6,
          minmay_misc_feat_tiny
D:8:      layout_cave_pools, serial_park_tiny_pond
D:9:      layout_roguey, nicolae_uskayaw_murder_on_the_dancefloor,
          grunt_lair_entry_orc_guard_hut, ebering_ghost_gozag
D:10:     layout_irregular_city, mainiacjoe_overflow_small_starburst,
          orc_0_dummy, minmay_misc_feat_five, uniq_maurice, uniq_erica
D:11:     minmay_polygon_palace, layout_cave_pools, lemuel_flamethrower_2
D:12:     layout_roguey, okawaru_humans
Temple:   bh_familiar_temple

Skill      XL: |  1  2  3  4  5  6  7  8  9 10 11 12 |
---------------+-------------------------------------+-----
Fighting       | 4 5 6 8 9 10 12 | 12.4
Armour         | 4 5 6 7 9 10 12 | 12.4
Shields        | 4 5 6 7 9 10 12 | 12.4
Axes           | 3 4 5 6 7 9 10 12 | 12.2
Dodging        | 1 |  1.3
Throwing       | |  0.8
Invocations    | |  0.7
Evocations     | |  0.4

Action                   |  1- 3 |  4- 6 |  7- 9 | 10-12 || total
-------------------------+-------+-------+-------+-------++-------
Melee: War axe           |    62 |    85 |   290 |   421 ||   858
       Headbutt          |     6 |    10 |    38 |    83 ||   137
Throw: Dart              |       |     7 |       |    41 ||    48
Armor: Scale mail        |    28 |    44 |   180 |   154 ||   406
Dodge: Dodged            |    31 |    38 |   152 |   184 ||   405
Block: Buckler           |     9 |     9 |    83 |   106 ||   207
